Monarchs vs Carnivores (R1)

Created - 6 mars 2017 at 19:21

Goals
1 2 3 T
Monarchs 1 0 0 1
Carnivores 1 1 1 3
Shots
1 2 3 T
Monarchs 6 14 9 29
Carnivores 13 12 7 32

1st period

1. Monarchs , Ryan White 8 (Theo Peckham, Matt Irwin) at 5:01
2. Carnivores , Blake Geoffrion 37 (Brendan Gallagher, Mikael Granlund) at 19:17

Penalties :
Theo Peckham (MAN) for Hooking (Minor) at 10:37, Michael Schumacher (Bre) for Delaying the game (Minor) at 15:49

2nd period

3. Carnivores , Colton Orr 15 (Mat Clark, Phil Oreskovic) at 19:47

Penalties :
Chris Lawrence (Bre) for High sticking (Minor) at 2:01, Shawn Matthias (MAN) for Roughing (Minor) at 8:31, Anton Gustafsson (Bre) for Hooking (Minor) at 11:17, Jeremy Welsh (Bre) for Tripping (Minor) at 13:39

3rd period

4. Carnivores , Brendan Gallagher 27 (Anton Gustafsson, Phil Oreskovic) at 12:34 (SH)

Penalties :
Justin Williams (MAN) for Hooking (Minor) at 1:33, Lane MacDermid (Bre) for Tripping (Minor) at 4:49, Mark McNeill (Bre) for Tripping (Minor) at 11:23, Jeremy Welsh (Bre) for Tripping (Minor) at 14:20

Goalie Stats

Jhonas Enroth (MAN), 29 saves from 32 shots - (0,906), L, 23-12-7, 60:00 minutes
Chad Johnson (Bre), 28 saves from 29 shots - (0,966), W, 23-10-3, 60:00 minutes

Players Stats for Monarchs

Player Name              G  A  P  +/- PIM S  H  SB GA TA FO     MP     PP MP  PK MP  
------------------------------------------------------------------------------------
Alec Martinez            0  0  0  -1  0   1  0  4  1  1  0/0    25:38   8:11   3:12 
Alexandre Grenier        0  0  0   0  0   0  0  1  0  2  0/0    12:58   0:36   3:24 
Andreas Martinsen        0  0  0   0  0   1  2  0  0  0  0/0     9:13   0:28   0:00 
Anthony Peluso           0  0  0   0  0   1  0  0  0  0  0/0     7:59   0:00   0:00 
Johnny Gaudreau          0  0  0  -1  0   3  3  0  2  0  1/3    18:48   6:50   0:35 
Justin Faulk             0  0  0  -2  0   2  0  0  0  0  0/0    19:54   5:42   0:21 
Justin Williams          0  0  0  -1  2   1  0  0  1  0  0/0    18:14   6:27   0:00 
Kyle Clifford            0  0  0  -1  0   2  4  1  0  0  0/0    18:50   6:27   1:19 
Mark Stone               0  0  0  -1  0   0  1  0  0  0  1/1    17:34   6:50   0:00 
Matt Irwin               0  1  1   0  0   3  1  0  1  0  0/0    22:07   8:11   1:05 
Matt Tennyson            0  0  0   0  0   1  0  0  0  0  0/0    14:13   0:00   1:56 
Riley Cote               0  0  0   0  0   2  3  0  1  0  3/5    11:13   0:00   3:11 
Ryan White               1  0  1   0  0   2  1  0  0  0  2/4     8:10   0:00   0:00 
Shawn Matthias           0  0  0  -1  2   4  4  0  0  0  8/21   20:14   6:45   1:12 
Theo Peckham             0  1  1   0  2   2  0  1  1  0  0/0    16:46   0:00   2:51 
Tom Gilbert              0  0  0  -1  0   1  0  3  0  0  0/0    21:15   5:42   2:29 
Tyler Toffoli            0  0  0  -1  0   3  2  0  0  0  8/19   18:20   6:27   0:24 
Zac Rinaldo              0  0  0   0  0   0  0  0  0  0  0/0    12:34   0:49   1:49 

Players Stats for Carnivores

Player Name              G  A  P  +/- PIM S  H  SB GA TA FO     MP     PP MP  PK MP  
------------------------------------------------------------------------------------
Anton Gustafsson         0  1  1   0  2   1  1  0  0  1  11/15  18:35   2:38   5:21 
Blake Geoffrion          1  0  1   0  0   6  1  0  0  0  0/2    17:55   3:12   1:01 
Bobby Sanguinetti        0  0  0  -1  0   1  0  2  1  2  0/0    27:29   3:28   7:55 
Brendan Gallagher        1  1  2   1  0   5  1  0  0  1  0/1    21:07   3:12   3:50 
Chris Lawrence           0  0  0   0  2   1  2  0  0  1  0/0    14:02   2:45   0:00 
Colton Orr               1  0  1   1  0   2  1  0  1  0  0/1    12:01   0:00   3:23 
Jeremy Welsh             0  0  0   0  4   3  3  0  0  0  0/0    13:49   2:38   0:00 
Lane MacDermid           0  0  0   1  2   2  2  2  0  0  1/2    15:38   0:00   6:21 
Mark McNeill             0  0  0   0  2   0  0  0  0  0  0/0     5:59   0:07   0:00 
Markus Granlund          0  0  0   1  0   0  1  0  0  0  4/5     9:44   0:07   0:03 
Mat Clark                0  1  1   2  0   1  1  2  1  0  0/0    15:50   2:29   0:00 
Mattias Backman          0  0  0   1  0   1  1  1  0  1  0/0    10:16   0:00   0:00 
Michael Schumacher       0  0  0   0  2   0  0  0  0  0  0/0     8:27   0:00   2:25 
Mikael Granlund          0  1  1   0  0   5  3  0  0  1  13/26  18:26   3:12   1:32 
Nate Schmidt             0  0  0  -1  0   2  1  1  0  0  0/0    27:29   3:28   7:55 
Phil Oreskovic           0  2  2   2  0   0  4  3  0  0  0/0    22:15   2:29   5:58 
Sasha Pokulok            0  0  0   1  0   0  0  1  0  0  0/0    16:41   0:00   5:58 
Zach Jones               0  0  0   0  0   0  0  0  0  0  0/0     0:00   0:00   0:00 
Zack Smith               0  0  0   1  0   2  2  0  0  0  1/1    10:17   0:00   3:50 

3 Stars

1 - Phil Oreskovic (Bre)
2 - Chad Johnson (Bre)
3 - Brendan Gallagher (Bre)

Power Play

Monarchs - 0 on 7 Attempt(s) - 0,00%
Carnivores - 0 on 3 Attempt(s) - 0,00%

Penalty Kill

Monarchs - 3 on 3 Attempt(s) - 100,00% - Score 0 goal in Penalty Kill
Carnivores - 7 on 7 Attempt(s) - 100,00% - Score 1 goal in Penalty Kill

Team Stat

Monarchs - Hits : 21 - Faceoff Wins : 23 - Blocked Shots : 10 - Penalty Minutes : 6
Carnivores - Hits : 24 - Faceoff Wins : 30 - Blocked Shots : 12 - Penalty Minutes : 14

Official

Referees : Morton Dean and Peel Tim
Linesman : Don Henderson and Tony Sericolo

Game Notes

No Game Note

Finance

Level 1 -- Attendance: 1359 (67,95%) -- Ticket Income 54 360 $
Level 2 -- Attendance: 720 (72,00%) -- Ticket Income 14 400 $
Total Attendance: 2079 (69,30%)
Total Ticket Income: 68 760 $
Other Income: 3 438 $
Total Income: 72 198 $

Monarchs

5 vs 5 Forward 
   Center                   Left Wing                Right Wing               Time % Phy DF OF 
 1 Tyler Toffoli            Kyle Clifford            Justin Williams          35     0   2  2  
 2 Shawn Matthias           Johnny Gaudreau          Mark Stone               35     1   2  2  
 3 Zac Rinaldo              Riley Cote               Alexandre Grenier        20     1   2  2  
 4 Ryan White               Andreas Martinsen        Anthony Peluso           10     1   2  2  

5 vs 5 Defense 
   Defense                  Defense                                           Time % Phy DF OF 
 1 Alec Martinez            Justin Faulk                                      35     0   3  2  
 2 Matt Irwin               Theo Peckham                                      35     0   3  2  
 3 Matt Tennyson            Tom Gilbert                                       25     1   3  1  
 4 Tom Gilbert              Alec Martinez                                     5      1   3  1  

PowerPlay Forward 
   Center                   Left Wing                Right Wing               Time % Phy DF OF 
 1 Shawn Matthias           Johnny Gaudreau          Mark Stone               60     0   1  4  
 2 Tyler Toffoli            Kyle Clifford            Justin Williams          40     0   1  4  

PowerPlay Defense
   Defense                  Defense                                           Time % Phy DF OF 
 1 Matt Irwin               Alec Martinez                                     60     0   2  3  
 2 Justin Faulk             Tom Gilbert                                       40     0   2  3  

Penalty Kill 4 Players Forward 
   Center                   Wing                     Time % Phy DF OF 
 1 Riley Cote               Alexandre Grenier        60     1   2  2  
 2 Shawn Matthias           Zac Rinaldo              40     1   2  2  

Penalty Kill 4 Players Defense
   Defense                  Defense                  Time % Phy DF OF 
 1 Alec Martinez            Theo Peckham             60     1   2  2  
 2 Tom Gilbert              Matt Tennyson            40     1   2  2  

Penalty Kill - 3 Players Forward 
   Forward                                           Time % Phy DF OF 
 1 Riley Cote                                        60     1   2  2  
 2 Shawn Matthias                                    40     1   2  2  

Penalty Kill - 3 Players Defense
   Defense                  Defense                  Time % Phy DF OF 
 1 Theo Peckham             Tom Gilbert              60     1   2  2  
 2 Matt Tennyson            Alec Martinez            40     1   2  2  

4 vs 4 Forward 
   Center                   Wing                     Time % Phy DF OF 
 1 Riley Cote               Justin Williams          60     1   2  2  
 2 Shawn Matthias           Johnny Gaudreau          40     1   2  2  

4 vs 4 Defense
   Defense                  Defense                  Time % Phy DF OF 
 1 Matt Irwin               Alec Martinez            60     1   2  2  
 2 Tom Gilbert              Matt Tennyson            40     1   2  2  

Last Minutes Offensive
   Center                   Left Wing                Right Wing               Defense                  Defense                  
   Shawn Matthias           Kyle Clifford            Justin Williams          Justin Faulk             Matt Irwin               

Last Minutes Defensive
   Center                   Left Wing                Right Wing               Defense                  Defense                  
   Shawn Matthias           Riley Cote               Alexandre Grenier        Alec Martinez            Theo Peckham             

Goaltenders
Starting : Jhonas Enroth            
Backup : Andrew Hammond           

Extra Forwards
Normal : Johnny Gaudreau, Zac Rinaldo, Mark Stone - PP : Shawn Matthias, Zac Rinaldo - PK : Kyle Clifford
Extra Defensemen
Normal : Matt Irwin, Justin Faulk, Alec Martinez - PP : Matt Tennyson - PK : Justin Faulk, Matt Irwin
Penalty Shots
Riley Cote, Justin Williams, Matt Irwin, Shawn Matthias, Kyle Clifford

Carnivores

5 vs 5 Forward 
   Center                   Left Wing                Right Wing               Time % Phy DF OF 
 1 Mikael Granlund          Blake Geoffrion          Brendan Gallagher        40     1   2  2  
 2 Anton Gustafsson         Jeremy Welsh             Chris Lawrence           30     1   2  2  
 3 Markus Granlund          Lane MacDermid           Colton Orr               20     1   2  2  
 4 Zack Smith               Michael Schumacher       Mark McNeill             10     1   2  2  

5 vs 5 Defense 
   Defense                  Defense                                           Time % Phy DF OF 
 1 Bobby Sanguinetti        Nate Schmidt                                      40     1   2  2  
 2 Mat Clark                Phil Oreskovic                                    30     1   2  2  
 3 Mattias Backman          Sasha Pokulok                                     20     1   2  2  
 4 Bobby Sanguinetti        Nate Schmidt                                      10     1   2  2  

PowerPlay Forward 
   Center                   Left Wing                Right Wing               Time % Phy DF OF 
 1 Mikael Granlund          Blake Geoffrion          Brendan Gallagher        60     1   1  3  
 2 Anton Gustafsson         Jeremy Welsh             Chris Lawrence           40     1   1  3  

PowerPlay Defense
   Defense                  Defense                                           Time % Phy DF OF 
 1 Bobby Sanguinetti        Nate Schmidt                                      60     1   2  2  
 2 Mat Clark                Phil Oreskovic                                    40     1   2  2  

Penalty Kill 4 Players Forward 
   Center                   Wing                     Time % Phy DF OF 
 1 Anton Gustafsson         Lane MacDermid           60     1   2  2  
 2 Zack Smith               Brendan Gallagher        40     1   2  2  

Penalty Kill 4 Players Defense
   Defense                  Defense                  Time % Phy DF OF 
 1 Bobby Sanguinetti        Nate Schmidt             60     1   2  2  
 2 Sasha Pokulok            Phil Oreskovic           40     1   2  2  

Penalty Kill - 3 Players Forward 
   Forward                                           Time % Phy DF OF 
 1 Chris Lawrence                                    60     1   2  2  
 2 Zack Smith                                        40     1   2  2  

Penalty Kill - 3 Players Defense
   Defense                  Defense                  Time % Phy DF OF 
 1 Bobby Sanguinetti        Nate Schmidt             60     1   2  2  
 2 Sasha Pokulok            Phil Oreskovic           40     1   2  2  

4 vs 4 Forward 
   Center                   Wing                     Time % Phy DF OF 
 1 Mikael Granlund          Blake Geoffrion          60     1   2  2  
 2 Anton Gustafsson         Chris Lawrence           40     1   2  2  

4 vs 4 Defense
   Defense                  Defense                  Time % Phy DF OF 
 1 Bobby Sanguinetti        Nate Schmidt             60     1   2  2  
 2 Phil Oreskovic           Sasha Pokulok            40     1   2  2  

Last Minutes Offensive
   Center                   Left Wing                Right Wing               Defense                  Defense                  
   Mikael Granlund          Blake Geoffrion          Brendan Gallagher        Bobby Sanguinetti        Nate Schmidt             

Last Minutes Defensive
   Center                   Left Wing                Right Wing               Defense                  Defense                  
   Anton Gustafsson         Blake Geoffrion          Brendan Gallagher        Bobby Sanguinetti        Nate Schmidt             

Goaltenders
Starting : Chad Johnson             
Backup : Antti Raanta             

Extra Forwards
Normal : Markus Granlund, Mark McNeill, Zack Smith - PP : Markus Granlund, Mark McNeill - PK : Colton Orr
Extra Defensemen
Normal : Mat Clark, Mattias Backman, Nate Schmidt - PP : Mat Clark - PK : Nate Schmidt, Bobby Sanguinetti
Penalty Shots
Blake Geoffrion, Brendan Gallagher, Chris Lawrence, Colton Orr, Zack Smith

% Time on Ice - Monarchs

Lines # - Real PCT - Wanted PCT - Time Play
Normal Forward
1 - 31% - 35% - 12:31
2 - 32% - 35% - 12:42
3 - 19% - 20% - 7:28
4 - 19% - 10% - 7:29
Normal Defense
1 - 34% - 35% - 13:28
2 - 37% - 35% - 14:45
3 - 28% - 25% - 11:18
4 - 2% - 5% - 0:39
PP Forward
1 - 54% - 60% - 7:26
2 - 46% - 40% - 6:27
PP Defense
1 - 59% - 60% - 8:11
2 - 41% - 40% - 5:42
PK Forward
1 - 69% - 60% - 4:08
2 - 31% - 40% - 1:49
PK Defense
1 - 72% - 60% - 4:17
2 - 28% - 40% - 1:40
PK3 Forward
1 - 0% - 60%
2 - 0% - 40%
PK3 Defense
1 - 0% - 60%
2 - 0% - 40%
44 Forward
1 - 0% - 60%
2 - 0% - 40%
44 Defense
1 - 0% - 60%
2 - 0% - 40%
Last Minute Offensive  - 0:00
Last Minute Defensive  - 0:00
Total
Forward - 60:00
Defense - 60:00

% Time on Ice - Carnivores

Lines # - Real PCT - Wanted PCT - Time Play
Normal Forward
1 - 36% - 40% - 14:35
2 - 29% - 30% - 11:36
3 - 21% - 20% - 8:27
4 - 14% - 10% - 5:32
Normal Defense
1 - 37% - 40% - 14:53
2 - 37% - 30% - 14:41
3 - 23% - 20% - 9:23
4 - 3% - 10% - 1:13
PP Forward
1 - 54% - 60% - 3:12
2 - 46% - 40% - 2:45
PP Defense
1 - 58% - 60% - 3:28
2 - 42% - 40% - 2:29
PK Forward
1 - 72% - 60% - 10:03
2 - 28% - 40% - 3:50
PK Defense
1 - 57% - 60% - 7:55
2 - 43% - 40% - 5:58
PK3 Forward
1 - 0% - 60%
2 - 0% - 40%
PK3 Defense
1 - 0% - 60%
2 - 0% - 40%
44 Forward
1 - 0% - 60%
2 - 0% - 40%
44 Defense
1 - 0% - 60%
2 - 0% - 40%
Last Minute Offensive  - 0:00
Last Minute Defensive  - 0:00
Total
Forward - 60:00
Defense - 60:00

Play by Play

1st period


0:01 of 1st period - Tyler Toffoli wins face-off versus Mikael Granlund in neutral zone.
0:36 of 1st period - Wrist shot by Colton Orr.
0:36 of 1st period - Deflect By Lane MacDermid.
0:36 of 1st period - Shot Misses the Net.
0:36 of 1st period - Puck is out of play.
0:37 of 1st period - Anton Gustafsson wins face-off versus Shawn Matthias in Monarchs zone.
0:44 of 1st period - Snap shot by Jeremy Welsh.
0:44 of 1st period - Stopped by Jhonas Enroth with a rebound.
0:46 of 1st period - Slapshot by Sasha Pokulok.
0:46 of 1st period - Deflect By Jeremy Welsh.
0:46 of 1st period - Stopped by Jhonas Enroth with a rebound.
1:27 of 1st period - Snap shot by Zack Smith.
1:27 of 1st period - Deflect By Blake Geoffrion.
1:27 of 1st period - Shot Misses the Net.
1:27 of 1st period - Puck is out of play.
1:28 of 1st period - Mikael Granlund wins face-off versus Ryan White in Monarchs zone.
1:31 of 1st period - Snap shot by Mikael Granlund.
1:31 of 1st period - Stopped by Jhonas Enroth with a rebound.
1:42 of 1st period - Tom Gilbert is hit by Mat Clark and loses puck.
1:53 of 1st period - Chris Lawrence is hit by Shawn Matthias and loses puck.
2:11 of 1st period - Icing by Matt Tennyson.
2:12 of 1st period - Shawn Matthias wins face-off versus Markus Granlund in Monarchs zone.
2:27 of 1st period - Snap shot by Lane MacDermid.
2:27 of 1st period - Shot Misses the Net.
3:07 of 1st period - Backhand shot by Blake Geoffrion.
3:07 of 1st period - Shot Misses the Net.
3:09 of 1st period - Slapshot by Nate Schmidt.
3:09 of 1st period - Stopped by Jhonas Enroth with a rebound.
3:11 of 1st period - Slapshot by Nate Schmidt.
3:11 of 1st period - Shot Misses the Net.
3:35 of 1st period - Wrist shot by Johnny Gaudreau.
3:35 of 1st period - Stopped by Chad Johnson without a rebound.
3:36 of 1st period - Tyler Toffoli wins face-off versus Blake Geoffrion in Carnivores zone.
4:30 of 1st period - Theo Peckham is hit by Lane MacDermid and loses puck.
4:48 of 1st period - Mikael Granlund is hit by Ryan White and loses puck.
4:59 of 1st period - Snap shot by Ryan White.
4:59 of 1st period - Stopped by Chad Johnson with a rebound.
5:01 of 1st period - Wrist shot by Ryan White.
5:01 of 1st period - Goal by Ryan White - Monarchs : 1 - Carnivores : 0.
5:02 of 1st period - Mikael Granlund wins face-off versus Tyler Toffoli in neutral zone.
5:15 of 1st period - Slapshot by Mikael Granlund.
5:15 of 1st period - Stopped by Jhonas Enroth without a rebound.
5:16 of 1st period - Anton Gustafsson wins face-off versus Johnny Gaudreau in Monarchs zone.
5:19 of 1st period - Wrist shot by Anton Gustafsson.
5:19 of 1st period - Stopped by Jhonas Enroth with a rebound.
5:43 of 1st period - Alec Martinez is hit by Mikael Granlund and loses puck.
6:06 of 1st period - Slapshot by Tom Gilbert.
6:06 of 1st period - Stopped by Chad Johnson with a rebound.
6:58 of 1st period - Justin Williams is hit by Phil Oreskovic and loses puck.
7:26 of 1st period - Slapshot by Riley Cote.
7:26 of 1st period - Stopped by Chad Johnson without a rebound.
7:27 of 1st period - Anton Gustafsson wins face-off versus Johnny Gaudreau in Carnivores zone.
9:00 of 1st period - Snap shot by Blake Geoffrion.
9:00 of 1st period - Shot Blocked by Alec Martinez.
10:20 of 1st period - Snap shot by Mikael Granlund.
10:20 of 1st period - Stopped by Jhonas Enroth with a rebound.
10:37 of 1st period - Minor Penalty to Theo Peckham for Hooking.
10:38 of 1st period - Mikael Granlund wins face-off versus Riley Cote in Monarchs zone.
10:43 of 1st period - Wrist shot by Blake Geoffrion.
10:43 of 1st period - Shot Blocked by Alexandre Grenier.
11:05 of 1st period - Riley Cote is hit by Jeremy Welsh.
11:09 of 1st period - Tom Gilbert is hit by Chris Lawrence and loses puck.
12:05 of 1st period - Matt Irwin is hit by Jeremy Welsh and loses puck.
12:36 of 1st period - Bobby Sanguinetti is hit by Shawn Matthias.
12:37 of 1st period - Penalty to Theo Peckham is over, Theo Peckham is back on ice.
12:52 of 1st period - Shawn Matthias is hit by Markus Granlund and loses puck.
13:17 of 1st period - Icing by Sasha Pokulok.
13:18 of 1st period - Markus Granlund wins face-off versus Tyler Toffoli in Carnivores zone.
14:32 of 1st period - Wrist shot by Mikael Granlund.
14:32 of 1st period - Shot Misses the Net.
14:34 of 1st period - Wrist shot by Chris Lawrence.
14:34 of 1st period - Shot Blocked by Tom Gilbert.
14:36 of 1st period - Snap shot by Jeremy Welsh.
14:36 of 1st period - Stopped by Jhonas Enroth without a rebound.
14:37 of 1st period - Anton Gustafsson wins face-off versus Tyler Toffoli in Monarchs zone.
15:02 of 1st period - Anton Gustafsson is hit by Mark Stone and loses puck.
15:15 of 1st period - Snap shot by Chris Lawrence.
15:15 of 1st period - Stopped by Jhonas Enroth without a rebound.
15:16 of 1st period - Mikael Granlund wins face-off versus Tyler Toffoli in Monarchs zone.
15:17 of 1st period - Backhand shot by Blake Geoffrion.
15:17 of 1st period - Stopped by Jhonas Enroth without a rebound.
15:18 of 1st period - Tyler Toffoli wins face-off versus Mikael Granlund in Monarchs zone.
15:49 of 1st period - Minor Penalty to Michael Schumacher for Delaying the game.
15:50 of 1st period - Anton Gustafsson wins face-off versus Shawn Matthias in Carnivores zone.
16:54 of 1st period - Sasha Pokulok is hit by Kyle Clifford and loses puck.
17:49 of 1st period - Penalty to Michael Schumacher is over, Michael Schumacher is back on ice.
17:58 of 1st period - Snap shot by Riley Cote.
17:58 of 1st period - Stopped by Chad Johnson with a rebound.
18:00 of 1st period - Wrist shot by Alexandre Grenier.
18:00 of 1st period - Shot Blocked by Phil Oreskovic.
18:02 of 1st period - Snap shot by Riley Cote.
18:02 of 1st period - Shot Blocked by Lane MacDermid.
18:04 of 1st period - Snap shot by Zac Rinaldo.
18:04 of 1st period - Shot Misses the Net.
18:18 of 1st period - Snap shot by Mikael Granlund.
18:18 of 1st period - Stopped by Jhonas Enroth with a rebound.
19:09 of 1st period - Wrist shot by Jeremy Welsh.
19:09 of 1st period - Deflect By Chris Lawrence.
19:09 of 1st period - Shot Blocked by Tom Gilbert.
19:09 of 1st period - Puck is out of play.
19:10 of 1st period - Mikael Granlund wins face-off versus Ryan White in Monarchs zone.
19:17 of 1st period - Snap shot by Blake Geoffrion.
19:17 of 1st period - Goal by Blake Geoffrion - Monarchs : 1 - Carnivores : 1.
19:18 of 1st period - Mikael Granlund wins face-off versus Tyler Toffoli in neutral zone.
19:29 of 1st period - Snap shot by Brendan Gallagher.
19:29 of 1st period - Stopped by Jhonas Enroth without a rebound.
19:30 of 1st period - Mikael Granlund wins face-off versus Tyler Toffoli in Monarchs zone.
19:55 of 1st period - Alec Martinez is hit by Jeremy Welsh and loses puck.
Goals for this period are 1 for Monarchs vs 1 for Carnivores.
Shots for this period are 6 for Monarchs vs 13 for Carnivores.

2nd period


0:01 of 2nd period - Mikael Granlund wins face-off versus Tyler Toffoli in neutral zone.
1:42 of 2nd period - Wrist shot by Ryan White.
1:42 of 2nd period - Shot Blocked by Sasha Pokulok.
1:44 of 2nd period - Slapshot by Andreas Martinsen.
1:44 of 2nd period - Stopped by Chad Johnson without a rebound.
1:45 of 2nd period - Mark Stone wins face-off versus Anton Gustafsson in Carnivores zone.
1:46 of 2nd period - Wrist shot by Johnny Gaudreau.
1:46 of 2nd period - Shot Misses the Net.
1:48 of 2nd period - Slapshot by Theo Peckham.
1:48 of 2nd period - Shot Misses the Net.
1:50 of 2nd period - Slapshot by Matt Irwin.
1:50 of 2nd period - Shot Misses the Net.
2:01 of 2nd period - Minor Penalty to Chris Lawrence for High sticking.
2:02 of 2nd period - Anton Gustafsson wins face-off versus Shawn Matthias in Carnivores zone.
2:36 of 2nd period - Slapshot by Tom Gilbert.
2:36 of 2nd period - Shot Blocked by Bobby Sanguinetti.
4:01 of 2nd period - Penalty to Chris Lawrence is over, Chris Lawrence is back on ice.
4:34 of 2nd period - Slapshot by Alec Martinez.
4:34 of 2nd period - Shot Blocked by Mattias Backman.
4:36 of 2nd period - Slapshot by Alec Martinez.
4:36 of 2nd period - Stopped by Chad Johnson with a rebound.
4:38 of 2nd period - Wrist shot by Alec Martinez.
4:38 of 2nd period - Shot Misses the Net.
4:40 of 2nd period - Slapshot by Matt Irwin.
4:40 of 2nd period - Stopped by Chad Johnson with a rebound.
5:26 of 2nd period - Wrist shot by Ryan White.
5:26 of 2nd period - Shot Blocked by Phil Oreskovic.
6:05 of 2nd period - Mark McNeill is hit by Kyle Clifford and loses puck.
6:57 of 2nd period - Sasha Pokulok is hit by Kyle Clifford and loses puck.
7:13 of 2nd period - Johnny Gaudreau is hit by Zack Smith and loses puck.
7:49 of 2nd period - Riley Cote is hit by Nate Schmidt and loses puck.
8:00 of 2nd period - Mikael Granlund is hit by Matt Irwin and loses puck.
8:05 of 2nd period - Slapshot by Kyle Clifford.
8:05 of 2nd period - Stopped by Chad Johnson with a rebound.
8:07 of 2nd period - Snap shot by Tyler Toffoli.
8:07 of 2nd period - Stopped by Chad Johnson with a rebound.
8:09 of 2nd period - Wrist shot by Justin Faulk.
8:09 of 2nd period - Stopped by Chad Johnson without a rebound.
8:10 of 2nd period - Shawn Matthias wins face-off versus Lane MacDermid in Carnivores zone.
8:17 of 2nd period - Snap shot by Shawn Matthias.
8:17 of 2nd period - Stopped by Chad Johnson without a rebound.
8:18 of 2nd period - Markus Granlund wins face-off versus Shawn Matthias in Carnivores zone.
8:18 of 2nd period - Markus Granlund is hit by Johnny Gaudreau.
8:31 of 2nd period - Minor Penalty to Shawn Matthias for Roughing.
8:32 of 2nd period - Riley Cote wins face-off versus Mikael Granlund in Monarchs zone.
9:04 of 2nd period - Slapshot by Bobby Sanguinetti.
9:04 of 2nd period - Stopped by Jhonas Enroth with a rebound.
9:30 of 2nd period - Phil Oreskovic is hit by Riley Cote and loses puck.
10:31 of 2nd period - Penalty to Shawn Matthias is over, Shawn Matthias is back on ice.
10:43 of 2nd period - Snap shot by Shawn Matthias.
10:43 of 2nd period - Stopped by Chad Johnson with a rebound.
10:45 of 2nd period - Wrist shot by Alexandre Grenier.
10:45 of 2nd period - Shot Misses the Net.
10:47 of 2nd period - Snap shot by Alexandre Grenier.
10:47 of 2nd period - Shot Misses the Net.
10:49 of 2nd period - Snap shot by Tom Gilbert.
10:49 of 2nd period - Shot Blocked by Phil Oreskovic.
10:51 of 2nd period - Slapshot by Shawn Matthias.
10:51 of 2nd period - Stopped by Chad Johnson without a rebound.
10:52 of 2nd period - Shawn Matthias wins face-off versus Anton Gustafsson in Carnivores zone.
10:53 of 2nd period - Snap shot by Johnny Gaudreau.
10:53 of 2nd period - Stopped by Chad Johnson without a rebound.
10:54 of 2nd period - Johnny Gaudreau wins face-off versus Anton Gustafsson in Carnivores zone.
10:55 of 2nd period - Slapshot by Justin Faulk.
10:55 of 2nd period - Shot Misses the Net.
11:17 of 2nd period - Minor Penalty to Anton Gustafsson for Hooking.
11:18 of 2nd period - Shawn Matthias wins face-off versus Colton Orr in Carnivores zone.
11:25 of 2nd period - Wrist shot by Mark Stone.
11:25 of 2nd period - Shot Blocked by Lane MacDermid.
11:27 of 2nd period - Snap shot by Mark Stone.
11:27 of 2nd period - Shot Misses the Net.
11:29 of 2nd period - Slapshot by Alec Martinez.
11:29 of 2nd period - Deflect By Johnny Gaudreau.
11:29 of 2nd period - Shot Misses the Net.
11:29 of 2nd period - Puck is out of play.
11:30 of 2nd period - Lane MacDermid wins face-off versus Shawn Matthias in Carnivores zone.
11:41 of 2nd period - Slapshot by Alec Martinez.
11:41 of 2nd period - Shot Blocked by Nate Schmidt.
12:32 of 2nd period - Justin Faulk is hit by Phil Oreskovic and loses puck.
13:09 of 2nd period - Brendan Gallagher is hit by Tyler Toffoli and loses puck.
13:17 of 2nd period - Penalty to Anton Gustafsson is over, Anton Gustafsson is back on ice.
13:31 of 2nd period - Wrist shot by Riley Cote.
13:31 of 2nd period - Shot Misses the Net.
13:33 of 2nd period - Slapshot by Alexandre Grenier.
13:33 of 2nd period - Shot Misses the Net.
13:39 of 2nd period - Minor Penalty to Jeremy Welsh for Tripping.
13:40 of 2nd period - Anton Gustafsson wins face-off versus Shawn Matthias in Carnivores zone.
13:47 of 2nd period - Wrist shot by Anton Gustafsson.
13:47 of 2nd period - Shot Misses the Net.
13:55 of 2nd period - Phil Oreskovic is hit by Johnny Gaudreau and loses puck.
14:11 of 2nd period - Zack Smith is hit by Kyle Clifford and loses puck.
14:32 of 2nd period - Zack Smith is hit by Johnny Gaudreau and loses puck.
15:08 of 2nd period - Icing by Mark Stone.
15:09 of 2nd period - Anton Gustafsson wins face-off versus Shawn Matthias in Monarchs zone.
15:39 of 2nd period - Penalty to Jeremy Welsh is over, Jeremy Welsh is back on ice.
15:49 of 2nd period - Wrist shot by Brendan Gallagher.
15:49 of 2nd period - Stopped by Jhonas Enroth with a rebound.
15:51 of 2nd period - Snap shot by Blake Geoffrion.
15:51 of 2nd period - Stopped by Jhonas Enroth with a rebound.
15:53 of 2nd period - Wrist shot by Brendan Gallagher.
15:53 of 2nd period - Stopped by Jhonas Enroth with a rebound.
15:55 of 2nd period - Snap shot by Blake Geoffrion.
15:55 of 2nd period - Shot Blocked by Alec Martinez.
16:05 of 2nd period - Snap shot by Zack Smith.
16:05 of 2nd period - Shot Misses the Net.
16:13 of 2nd period - Slapshot by Matt Irwin.
16:13 of 2nd period - Stopped by Chad Johnson without a rebound.
16:14 of 2nd period - Tyler Toffoli wins face-off versus Mikael Granlund in Carnivores zone.
16:21 of 2nd period - Snap shot by Kyle Clifford.
16:21 of 2nd period - Deflect By Tyler Toffoli.
16:21 of 2nd period - Stopped by Chad Johnson without a rebound.
16:22 of 2nd period - Mikael Granlund wins face-off versus Tyler Toffoli in Carnivores zone.
16:29 of 2nd period - Snap shot by Mikael Granlund.
16:29 of 2nd period - Stopped by Jhonas Enroth with a rebound.
16:31 of 2nd period - Slapshot by Mikael Granlund.
16:31 of 2nd period - Shot Blocked by Tom Gilbert.
16:33 of 2nd period - Slapshot by Nate Schmidt.
16:33 of 2nd period - Stopped by Jhonas Enroth without a rebound.
16:34 of 2nd period - Tyler Toffoli wins face-off versus Mikael Granlund in Monarchs zone.
17:04 of 2nd period - Jeremy Welsh is hit by Shawn Matthias and loses puck.
17:43 of 2nd period - Snap shot by Colton Orr.
17:43 of 2nd period - Stopped by Jhonas Enroth with a rebound.
17:51 of 2nd period - Slapshot by Theo Peckham.
17:51 of 2nd period - Stopped by Chad Johnson without a rebound.
17:52 of 2nd period - Tyler Toffoli wins face-off versus Mikael Granlund in Carnivores zone.
18:13 of 2nd period - Alec Martinez is hit by Brendan Gallagher.
18:27 of 2nd period - Snap shot by Shawn Matthias.
18:27 of 2nd period - Stopped by Chad Johnson with a rebound.
18:50 of 2nd period - Wrist shot by Zack Smith.
18:50 of 2nd period - Stopped by Jhonas Enroth with a rebound.
18:52 of 2nd period - Snap shot by Zack Smith.
18:52 of 2nd period - Stopped by Jhonas Enroth with a rebound.
18:54 of 2nd period - Wrist shot by Zack Smith.
18:54 of 2nd period - Shot Misses the Net.
18:56 of 2nd period - Slapshot by Mattias Backman.
18:56 of 2nd period - Stopped by Jhonas Enroth with a rebound.
19:11 of 2nd period - Icing by Lane MacDermid.
19:12 of 2nd period - Markus Granlund wins face-off versus Tyler Toffoli in Carnivores zone.
19:41 of 2nd period - Wrist shot by Lane MacDermid.
19:41 of 2nd period - Shot Blocked by Kyle Clifford.
19:43 of 2nd period - Slapshot by Phil Oreskovic.
19:43 of 2nd period - Shot Misses the Net.
19:45 of 2nd period - Snap shot by Mat Clark.
19:45 of 2nd period - Stopped by Jhonas Enroth with a rebound.
19:47 of 2nd period - Slapshot by Colton Orr.
19:47 of 2nd period - Goal by Colton Orr - Monarchs : 1 - Carnivores : 2.
19:48 of 2nd period - Mikael Granlund wins face-off versus Shawn Matthias in neutral zone.
Goals for this period are 0 for Monarchs vs 1 for Carnivores.
Shots for this period are 14 for Monarchs vs 12 for Carnivores.

3rd period


0:01 of 3rd period - Shawn Matthias wins face-off versus Mikael Granlund in neutral zone.
0:08 of 3rd period - Slapshot by Justin Faulk.
0:08 of 3rd period - Stopped by Chad Johnson with a rebound.
0:49 of 3rd period - Wrist shot by Ryan White.
0:49 of 3rd period - Shot Misses the Net.
0:51 of 3rd period - Slapshot by Alec Martinez.
0:51 of 3rd period - Deflect By Andreas Martinsen.
0:51 of 3rd period - Shot Blocked by Mat Clark.
0:51 of 3rd period - Puck is out of play.
0:52 of 3rd period - Ryan White wins face-off versus Mikael Granlund in Carnivores zone.
0:53 of 3rd period - Slapshot by Theo Peckham.
0:53 of 3rd period - Stopped by Chad Johnson without a rebound.
0:54 of 3rd period - Shawn Matthias wins face-off versus Mikael Granlund in Carnivores zone.
0:55 of 3rd period - Snap shot by Johnny Gaudreau.
0:55 of 3rd period - Shot Blocked by Mat Clark.
0:59 of 3rd period - Wrist shot by Shawn Matthias.
0:59 of 3rd period - Deflect By Johnny Gaudreau.
0:59 of 3rd period - Stopped by Chad Johnson without a rebound.
1:00 of 3rd period - Shawn Matthias wins face-off versus Blake Geoffrion in Carnivores zone.
1:06 of 3rd period - Icing by Phil Oreskovic.
1:07 of 3rd period - Mikael Granlund wins face-off versus Tyler Toffoli in Carnivores zone.
1:18 of 3rd period - Snap shot by Blake Geoffrion.
1:18 of 3rd period - Stopped by Jhonas Enroth without a rebound.
1:19 of 3rd period - Mikael Granlund wins face-off versus Shawn Matthias in Monarchs zone.
1:30 of 3rd period - Snap shot by Blake Geoffrion.
1:30 of 3rd period - Stopped by Jhonas Enroth without a rebound.
1:31 of 3rd period - Tyler Toffoli wins face-off versus Mikael Granlund in Monarchs zone.
1:33 of 3rd period - Minor Penalty to Justin Williams for Hooking.
1:34 of 3rd period - Mikael Granlund wins face-off versus Riley Cote in Monarchs zone.
1:38 of 3rd period - Snap shot by Blake Geoffrion.
1:38 of 3rd period - Stopped by Jhonas Enroth with a rebound.
1:45 of 3rd period - Icing by Nate Schmidt.
1:46 of 3rd period - Riley Cote wins face-off versus Mikael Granlund in Carnivores zone.
1:51 of 3rd period - Snap shot by Alexandre Grenier.
1:51 of 3rd period - Deflect By Riley Cote.
1:51 of 3rd period - Shot Misses the Net.
1:51 of 3rd period - Puck is out of play.
1:52 of 3rd period - Riley Cote wins face-off versus Brendan Gallagher in Carnivores zone.
2:20 of 3rd period - Off-side.
2:21 of 3rd period - Anton Gustafsson wins face-off versus Shawn Matthias in neutral zone.
2:46 of 3rd period - Alexandre Grenier is hit by Chris Lawrence and loses puck.
3:22 of 3rd period - Slapshot by Bobby Sanguinetti.
3:22 of 3rd period - Shot Blocked by Theo Peckham.
3:24 of 3rd period - Snap shot by Chris Lawrence.
3:24 of 3rd period - Shot Misses the Net.
3:26 of 3rd period - Wrist shot by Anton Gustafsson.
3:26 of 3rd period - Shot Blocked by Alec Martinez.
3:28 of 3rd period - Slapshot by Nate Schmidt.
3:28 of 3rd period - Shot Blocked by Alec Martinez.
3:33 of 3rd period - Penalty to Justin Williams is over, Justin Williams is back on ice.
3:42 of 3rd period - Slapshot by Justin Williams.
3:42 of 3rd period - Stopped by Chad Johnson with a rebound.
3:52 of 3rd period - Slapshot by Theo Peckham.
3:52 of 3rd period - Shot Misses the Net.
4:13 of 3rd period - Wrist shot by Chris Lawrence.
4:13 of 3rd period - Deflect By Jeremy Welsh.
4:13 of 3rd period - Shot Misses the Net.
4:13 of 3rd period - Puck is out of play.
4:14 of 3rd period - Ryan White wins face-off versus Mikael Granlund in Monarchs zone.
4:21 of 3rd period - Mikael Granlund is hit by Andreas Martinsen.
4:49 of 3rd period - Minor Penalty to Lane MacDermid for Tripping.
4:50 of 3rd period - Zack Smith wins face-off versus Shawn Matthias in Carnivores zone.
5:51 of 3rd period - Justin Faulk is hit by Blake Geoffrion and loses puck.
6:49 of 3rd period - Penalty to Lane MacDermid is over, Lane MacDermid is back on ice.
7:30 of 3rd period - Sasha Pokulok is hit by Riley Cote.
7:40 of 3rd period - Slapshot by Matt Irwin.
7:40 of 3rd period - Stopped by Chad Johnson with a rebound.
7:56 of 3rd period - Tom Gilbert is hit by Phil Oreskovic and loses puck.
8:07 of 3rd period - Colton Orr is hit by Riley Cote and loses puck.
8:22 of 3rd period - Sasha Pokulok is hit by Shawn Matthias and loses puck.
8:33 of 3rd period - Justin Williams is hit by Mikael Granlund and loses puck.
8:56 of 3rd period - Matt Tennyson is hit by Colton Orr and loses puck.
9:49 of 3rd period - Zac Rinaldo is hit by Anton Gustafsson and loses puck.
10:02 of 3rd period - Wrist shot by Lane MacDermid.
10:02 of 3rd period - Stopped by Jhonas Enroth with a rebound.
10:04 of 3rd period - Slapshot by Mat Clark.
10:04 of 3rd period - Shot Misses the Net.
10:20 of 3rd period - Anthony Peluso is hit by Mikael Granlund.
10:30 of 3rd period - Brendan Gallagher is hit by Andreas Martinsen and loses puck.
10:41 of 3rd period - Slapshot by Ryan White.
10:41 of 3rd period - Shot Misses the Net.
10:43 of 3rd period - Snap shot by Ryan White.
10:43 of 3rd period - Shot Misses the Net.
10:45 of 3rd period - Slapshot by Justin Faulk.
10:45 of 3rd period - Shot Misses the Net.
10:47 of 3rd period - Slapshot by Matt Tennyson.
10:47 of 3rd period - Stopped by Chad Johnson with a rebound.
10:49 of 3rd period - Wrist shot by Anthony Peluso.
10:49 of 3rd period - Stopped by Chad Johnson without a rebound.
10:50 of 3rd period - Markus Granlund wins face-off versus Tyler Toffoli in Carnivores zone.
10:55 of 3rd period - Wrist shot by Kyle Clifford.
10:55 of 3rd period - Stopped by Chad Johnson with a rebound.
10:57 of 3rd period - Backhand shot by Tyler Toffoli.
10:57 of 3rd period - Shot Misses the Net.
11:23 of 3rd period - Minor Penalty to Mark McNeill for Tripping.
11:24 of 3rd period - Anton Gustafsson wins face-off versus Shawn Matthias in Carnivores zone.
12:34 of 3rd period - Slapshot by Brendan Gallagher.
12:34 of 3rd period - Goal by Brendan Gallagher - Monarchs : 1 - Carnivores : 3.
12:35 of 3rd period - Anton Gustafsson wins face-off versus Shawn Matthias in neutral zone.
13:05 of 3rd period - Snap shot by Tyler Toffoli.
13:05 of 3rd period - Stopped by Chad Johnson with a rebound.
13:09 of 3rd period - Snap shot by Kyle Clifford.
13:09 of 3rd period - Shot Misses the Net.
13:11 of 3rd period - Snap shot by Kyle Clifford.
13:11 of 3rd period - Shot Blocked by Bobby Sanguinetti.
13:23 of 3rd period - Penalty to Mark McNeill is over, Mark McNeill is back on ice.
13:23 of 3rd period - Snap shot by Brendan Gallagher.
13:23 of 3rd period - Stopped by Jhonas Enroth without a rebound.
13:24 of 3rd period - Shawn Matthias wins face-off versus Mikael Granlund in Monarchs zone.
13:49 of 3rd period - Snap shot by Chris Lawrence.
13:49 of 3rd period - Shot Misses the Net.
14:20 of 3rd period - Minor Penalty to Jeremy Welsh for Tripping.
14:21 of 3rd period - Tyler Toffoli wins face-off versus Anton Gustafsson in Carnivores zone.
16:15 of 3rd period - Matt Irwin is hit by Phil Oreskovic and loses puck.
16:20 of 3rd period - Penalty to Jeremy Welsh is over, Jeremy Welsh is back on ice.
17:34 of 3rd period - Blake Geoffrion is hit by Tyler Toffoli and loses puck.
17:51 of 3rd period - Matt Tennyson is hit by Zack Smith and loses puck.
18:04 of 3rd period - Theo Peckham is hit by Mattias Backman and loses puck.
18:17 of 3rd period - Kyle Clifford is hit by Lane MacDermid and loses puck.
18:24 of 3rd period - Snap shot by Lane MacDermid.
18:24 of 3rd period - Stopped by Jhonas Enroth with a rebound.
Goals for this period are 0 for Monarchs vs 1 for Carnivores.
Shots for this period are 9 for Monarchs vs 7 for Carnivores.